 Dungeon Crawl Stone Soup version 0.23-a0-29-g1be82e5 (webtiles) character file.

1752 Supahsalami the Protected (level 9, -7/55 HPs)
             Began as a Gargoyle Fighter on Aug 3, 2018.
             Killed from afar by an orc warrior (12 damage)
             ... with a wand of acid (6)
             ... on level 7 of the Dungeon.
             The game lasted 00:16:04 (6900 turns).

Supahsalami the Protected (Gargoyle Fighter)        Turns: 6900, Time: 00:16:05

Health: -7/55      AC: 10    Str: 21    XL:     9   Next: 6%
Magic:  9/9        EV:  6    Int: 10    God:
Gold:   317        SH: 10    Dex: 10    Spells: 8/8 levels left

rFire    . . .     SeeInvis .   a - +0 flail
rCold    . . .     Gourm    .   c - +0 shield
rNeg     + . .     Faith    .   e - +0 chain mail
rPois    ∞         Spirit   .   (no helmet)
rElec    +         Reflect  .   A - scarf {repulsion}
rCorr    .         Harm     .   F - +0 pair of gloves
MR       .....                  (no boots)
Stlth    ..........             (no amulet)
HPRegen  0.18/turn              (no ring)
MPRegen  0.11/turn              (no ring)

@: corroded, repel missiles
A: negative energy resistance 1, electricity resistance, unbreathing,
petrification resistance, rot immunity, AC +6
a: no special abilities


You were on level 7 of the Dungeon.
You were hungry.

You visited 1 branch of the dungeon, and saw 7 of its levels.

You collected 317 gold pieces.

Inventory:

Hand Weapons
 a - a +0 flail (weapon)
Missiles
 l - 8 javelins (quivered)
Armour
 c - a +0 shield (worn)
 e - a +0 chain mail (worn)
 x - a +0 large shield
 A - a scarf of repulsion (worn)
 F - a +0 pair of gloves (worn)
Jewellery
 m - a cursed ring of attention {unknown}
 u - an uncursed ring of fire {unknown}
 v - an uncursed amulet of the gourmand {unknown}
 D - an uncursed amulet of magic regeneration {unknown}
Wands
 y - a wand of disintegration (10)
 C - a wand of acid (9)
Scrolls
 b - 9 scrolls of identify {unknown}
 g - 2 scrolls of enchant weapon {unknown}
 i - 3 scrolls of immolation {unknown}
 n - 5 scrolls of remove curse {unknown}
 o - 4 scrolls of teleportation {unknown}
 s - a scroll of magic mapping {unknown}
 t - a scroll of fear {unknown}
 w - 2 scrolls of amnesia {unknown}
 B - a scroll of random uselessness {unknown}
 E - a scroll of blinking {unknown}
Potions
 d - a potion of might
 h - 2 potions of degeneration {unknown}
 j - 4 potions of lignification {unknown}
 k - a potion of heal wounds {unknown}
 p - 3 potions of invisibility {unknown}
 q - a potion of haste {unknown}
 r - 7 potions of curing {unknown}
 z - 2 potions of mutation {unknown}
Comestibles
 f - 9 rations


   Skills:
 + Level 5.9 Fighting
 * Level 6.8 Maces & Flails
 * Level 8.0 Armour
 + Level 6.0 Shields


You had 8 spell levels left.
You didn't know any spells.
Your spell library contained the following spells:

 Spells                   Type           Power        Failure   Level  Hunger
 Confuse                  Hex            #.......     100%        3    ####...
 Tukima's Dance           Hex            #.......     100%        3    ####...
 Ensorcelled Hibernation  Hex/Ice        #.....       100%        2    ###....
 Corona                   Hex            #......      100%        1    ##.....
 Dazzling Spray           Conj/Hex       #.....       100%        3    ####...


Dungeon Overview and Level Annotations

Branches:
Dungeon (7/15)
 Temple: D:4-7

Altars:
Dithmenos
Fedhas
Gozag
Nemelex Xobeh
Qazlal
Ru
Trog
Uskayaw
Vehumet
Wu Jian
Xom


Innate Abilities, Weirdness & Mutations

You are resistant to torment.
Your stone body is resilient. (AC +6)
You are immune to poison.
You resist negative energy. (rN+)
You are resistant to electric shocks. (rElec)
You can survive without breathing.
You are immune to petrification.
You are immune to rotting.


Message History

The orc warrior hits you with a short sword.
The crimson imp throws a stone.
The stone closely misses you.
You see here a stone.
Your chain mail prevents you from hitting the orc warrior.
The orc warrior barely misses you.
The crimson imp throws a stone.
The stone completely misses you.
The orc warrior zaps a wand.
The bolt of acid hits you!
You are splashed with acid!
The acid burns!
The crimson imp throws a stone.
The stone barely misses you.
Items here: ( ))) ††
Items here: ) [ †† a dagger; a robe; an adder corpse; a hound corpse You see here a stone.
The orc warrior zaps a wand.
The bolt of acid hits you! The acid corrodes you!
You are splashed with acid!
The acid burns!
* * * LOW HITPOINT WARNING * * *
The orc warrior zaps a wand.
The bolt of acid hits you! The acid corrodes you!
You are splashed with acid!
The acid burns!
* * * LOW HITPOINT WARNING * * *
The orc warrior zaps a wand.
The bolt of acid hits you!
You die...

#........# #+###
#........######...#
.#.................#
.#.....###>........#
.>.................#
...................#
.................###
.................#
#.........######@#
#.........# #.#
....##.#### #.#
....##.# #.#
....##+# #.# .....
#o#######. ....
#o#.......
#(#.......
#5(.......


You could see an orc warrior and an orc.

Vanquished Creatures
  A soldier ant (D:5)
  A water moccasin (D:5)
  2 ice beasts
  3 ogres
  4 scorpions
  3 crimson imps
  2 orc priests
  2 hounds (D:7)
  6 orc wizards
  9 worker ants
  A hound skeleton (D:6)
  11 adders
  A shadow imp (D:5)
  An ooze (D:5)
  2 adder skeletons
  6 worms
  3 dart slugs
  4 leopard geckos
  24 orcs
  A ball python (D:1)
  10 bats
  21 giant cockroaches
  9 goblins
  11 hobgoblins
  A jackal (D:1)
  6 kobolds
  A quokka (D:3)
  5 frilled lizards
  A jackal zombie (D:5)
  3 rats
  2 butterflies (D:5)
157 creatures vanquished.

Notes
Turn   | Place    | Note
-------+----------+-------------------------------------------
     0 | D:1      | Supahsalami the Gargoyle Fighter began the quest for the Orb.
     0 | D:1      | Reached XP level 1. HP: 14/14 MP: 1/1
    84 | D:1      | Reached XP level 2. HP: 17/19 MP: 2/2
   357 | D:1      | Reached XP level 3. HP: 18/23 MP: 3/3
  1042 | D:2      | Found a sparkling altar of Nemelex Xobeh.
  1125 | D:2      | Found a shadowy altar of Dithmenos.
  1264 | D:2      | Reached skill level 4 in Armour
  1297 | D:2      | Reached XP level 4. HP: 22/29 MP: 4/4
  1543 | D:2      | Found a hide-covered altar of Uskayaw.
  1643 | D:2      | Found an ornate altar of the Wu Jian Council.
  1683 | D:2      | Found an opulent altar of Gozag.
  1701 | D:2      | Found a shimmering altar of Xom.
  2145 | D:3      | Reached XP level 5. HP: 19/33 MP: 5/5
  2317 | D:3      | Found a sacrificial altar of Ru.
  2721 | D:3      | Found a radiant altar of Vehumet.
  2797 | D:3      | Found a stormy altar of Qazlal.
  2834 | D:4      | Reached skill level 5 in Armour
  2834 | D:4      | Reached XP level 6. HP: 36/38 MP: 6/6
  3088 | D:4      | Found a blossoming altar of Fedhas.
  3452 | D:4      | Reached XP level 7. HP: 39/44 MP: 7/7
  3857 | D:5      | Entered Level 5 of the Dungeon
  3932 | D:5      | Found a bloodstained altar of Trog.
  4153 | D:5      | Found a runed door.
  4171 | D:5      | Found a runed door.
  4265 | D:5      | Reached skill level 6 in Armour
  4384 | D:5      | Reached skill level 5 in Maces & Flails
  4458 | D:5      | Reached skill level 5 in Shields
  4789 | D:5      | Noticed a soldier ant
  4811 | D:5      | Reached XP level 8. HP: 42/48 MP: 8/8
  4824 | D:5      | Reached skill level 5 in Fighting
  4993 | D:5      | Reached skill level 7 in Armour
  6837 | D:7      | Reached XP level 9. HP: 55/55 MP: 9/9
  6882 | D:7      | Reached skill level 8 in Armour
  6900 | D:7      | Killed from afar by an orc warrior

Vault maps used:
D:1:      dpeg_arrival_lava_altar, minivault_4, st_stairs_11
D:2:      minmay_roachtagon, lemuel_crystal_altar,
          nemelex_xobeh_ov_fountains_minmay, xom_teletrap_fun,
          nicolae_dithmenos_shadow_blocks, overflow_temple_1_default,
          overflow_temple_1_default, first_ration, minmay_tree_intersection
D:3:      nicolae_ru_awakened_eye, vehumet_crystals,
          nicolae_qazlal_eye_of_the_storm
D:4:      fedhas_altar_3
D:5:      lemuel_insect_pit, old_standard_altar
D:7:      lemuel_doored_altar, bloody_makhleb, minmay_temple_entry_statues

Skill      XL: |  1  2  3  4  5  6  7  8  9 |
---------------+----------------------------+-----
Armour         | 4 5 6 7 8 |  8.0
Maces & Flails | 3 4 5 6 |  6.8
Fighting       | 4 5 |  5.9
Shields        | 4 5 6 |  6.0

Action                   |  1- 3 |  4- 6 |  7- 9 || total
-------------------------+-------+-------+-------++-------
Melee: Flail             |   139 |   275 |   420 ||   834
Throw: Javelin           |       |     4 |     1 ||     5
  Eat: Chunk             |     1 |     8 |     8 ||    17
       Ration            |       |       |     1 ||     1
Armor: Chain mail        |   105 |   183 |   206 ||   494
Dodge: Dodged            |    34 |    72 |    82 ||   188
       Deflected         |       |       |     3 ||     3
Block: Shield            |    80 |   169 |   193 ||   442

Table legend:
 A = Spawn XP
 B = Non-spawn XP
 C = Spawn XP percentage of total XP
 D = Spawn monster count
 E = Non-spawn monster count
 F = Spawn count percentage of total count
 G = Total turns spent on level
                    A         B        C        D         E        F      G
               +---------+---------+-------+---------+---------+-------+---------
         Total |       0 |    2503 |   0.0 |       0 |     155 |   0.0 |  6900
               +---------+---------+-------+---------+---------+-------+---------
           D:1 |       0 |      52 |   0.0 |       0 |      29 |   0.0 |   978
           D:2 |       0 |      67 |   0.0 |       0 |      25 |   0.0 |  1072
           D:3 |       0 |     139 |   0.0 |       0 |      27 |   0.0 |   779
           D:4 |       0 |     414 |   0.0 |       0 |      19 |   0.0 |  1056
           D:5 |       0 |    1114 |   0.0 |       0 |      35 |   0.0 |  1493
           D:6 |       0 |     209 |   0.0 |       0 |       7 |   0.0 |  1075
           D:7 |       0 |     508 |   0.0 |       0 |      13 |   0.0 |   447
               +---------+---------+-------+---------+---------+-------+---------
